 Dungeon Crawl Stone Soup version 0.29-a0-577-gafbf2c5d25 (webtiles) character file.

Game seed: 9009539166094270268

65 DocClef the Sneak (level 3, -1/33 HPs)
             Began as a Draconian Delver on June 13, 2022.
             Slain by a hound (4 damage)
             ... on level 4 of the Dungeon.
             The game lasted 00:00:22 (379 turns).

DocClef the Sneak (Draconian Delver)                 Turns: 379, Time: 00:00:22

Health: -1/33      AC:  5    Str: 14    XL:     3   Next: 94%
Magic:  3/3        EV: 12    Int: 10    God:
Gold:   0          SH:  0    Dex: 14    Spells: 2/2 levels left

rFire   . . .      SeeInvis .   a - +0 short sword
rCold   . . .      Faith    .   (no shield)
rNeg    . . .      Spirit   .   (body armour unavailable)
rPois   .          Reflect  .   (helmet restricted)
rElec   .          Harm     .   (no cloak)
rCorr   .          Rampage  .   (no gloves)
Will    .....                   (no boots)
Stlth   +++.......              (no amulet)
HPRegen 0.11/turn               (no ring)
MPRegen 0.08/turn               (no ring)

@: no status effects
A: AC +5, unfitting armour, cold-blooded
a: no special abilities


You were on level 4 of the Dungeon.
You visited 1 branch of the dungeon, and saw 2 of its levels.

Inventory:

Hand Weapons
 a - a +0 short sword (weapon)
Wands
 f - a wand of digging (3)
Scrolls
 b - a scroll of fog
 c - a scroll of magic mapping
 d - a scroll of fear
 g - 4 scrolls of identify {unknown}
Potions
 e - a potion of haste
 h - a potion of brilliance {unknown}


   Skills:
 + Level 3.9 Fighting
 + Level 2.7 Short Blades
 + Level 2.4 Dodging
 + Level 4.9 Stealth


You had 2 spell levels left.
You didn't know any spells.
Your spell library was empty.

Dungeon Overview and Level Annotations

Branches:
Dungeon (5/15)
 Temple: D:4-7

Altars:


Innate Abilities, Weirdness & Mutations

Your plain brown scales are hard. (AC +5)
You cannot fit into any form of body armour.
You are cold-blooded and may be slowed by cold attacks.


Message History

The hound pauses to sniff the ground.
The hound barely misses you.
You barely miss the hound.
The hound is moderately wounded.
The hound closely misses you. The hound bites you.
You closely miss the hound.
The hound is moderately wounded.
The hound closely misses you.
You miss the hound.
The hound is moderately wounded.
The hound bites you but does no damage. The hound closely misses you.
You barely miss the hound.
The hound is moderately wounded.
The hound bites you.
You barely miss the hound.
The hound is moderately wounded.
The hound bites you.
* * * LOW HITPOINT WARNING * * *
You hit the hound but do no damage.
The hound is lightly wounded.
The hound barely misses you. The hound bites you.
* * * LOW HITPOINT WARNING * * *
You hit the hound.
Your tail-slap misses the hound.
The hound is moderately wounded.
The hound closely misses you.
You closely miss the hound.
You tail-slap the hound, but do no damage.
The hound is moderately wounded.
The hound barely misses you. The hound bites you.
* * * LOW HITPOINT WARNING * * *
You hit the hound but do no damage.
The hound is moderately wounded.
The hound barely misses you.
You barely miss the hound.
The hound is moderately wounded.
The hound bites you but does no damage. The hound closely misses you.
You closely miss the hound.
The hound is moderately wounded.
The hound bites you.
You die...

#.#.#....#.).#. ..#
#.#.#..##.#.#.####...#
#.#...##(.###)...#...
#.....#..#...####....
#......###.##..#.## .
#........#.#..#.?.#
#.....###.##.###.##
#.#.#...#)..#.#.#.......
#.#.#...#.###@†.##....##
....#....# #h###.#....#
....# #..#... .# ...# .
..### .. ...# ... ###
#.# .. .# .


You could see a hound.

Vanquished Creatures
  A hound (D:5)
  An orc wizard (D:4)
  4 orcs
  A giant cockroach (D:4)
  A jackal (D:4)
  A kobold (D:4)
9 creatures vanquished.

Notes
Turn   | Place    | Note
-------+----------+-------------------------------------------
     0 | D:5      | DocClef the Draconian Delver began the quest for the Orb.
     0 | D:5      | Reached XP level 1. HP: 19/19 MP: 1/1
   114 | D:5      | Noticed a hound
   123 | D:5      | Killed a hound
   124 | D:5      | Reached XP level 2. HP: 17/27 MP: 2/2
   124 | D:5      | Reached XP level 3. HP: 21/33 MP: 3/3
   242 | D:5      | Noticed a wight
   379 | D:4      | Slain by a hound

Illustrated notes

Levels and vault maps discovered:
D:4:      layout_basic, mainiacjoe_overflow_concentric_impassable,
          minmay_temple_entry_butterflies, minmay_pentomino_pile
D:5:      layout_cave_pods, nicolae_dithmenos_through_a_glass_darkly,
          elyvilon_altar_5, tgw_kikubaaqudgha

Skill      XL: |  1 |
---------------+----+-----
Dodging        | 2 |  2.4
Fighting       | |  3.9
Short Blades   | |  2.7
Stealth        | |  4.9

Action                   || total
-------------------------++-------
Melee: Short sword       ||    72
       Tailslap          ||     4
 Stab: Sleeping          ||     2
Armor: Skin              ||    18
Dodge: Dodged            ||    39

Table legend: (Time is in decaauts)
 A = Elapsed time spent in this place.
 B = Non-inter-level travel time spent in this place.
 C = Inter-level travel time spent in this place.
 D = Time resting spent in this place.
 E = Time spent auto-exploring this place.
 F = Levels seen in this place.
 G = Mean time per level.
                   A        B        C        D        E       F      G
               +--------+--------+--------+--------+--------+-----+--------+
         Total |    377 |    377 |      0 |      0 |    264 |   2 |  188.5 |
       Dungeon |    377 |    377 |      0 |      0 |    264 |   2 |  188.5 |
               +--------+--------+--------+--------+--------+-----+--------+

Top non-repeatable levels by time:
     D:5: 256 daAuts
     D:4: 121 daAuts
